 Dungeon Crawl Stone Soup version 0.23.2 (webtiles) character file.

Game seed: 13055763072784322729

253 Marnok the Shield-Bearer (level 5, 0/47 HPs)
             Began as a Minotaur Fighter on Apr 1, 2019.
             Slain by an ogre
             ... wielding a +0 giant club
              (10 damage)
             ... on level 4 of the Dungeon.
             The game lasted 00:07:32 (2199 turns).

Marnok the Shield-Bearer (Minotaur Fighter)         Turns: 2199, Time: 00:07:33

Health: 0/47       AC:  7    Str: 22    XL:     5   Next: 90%
Magic:  4/4        EV:  8    Int:  5    God:
Gold:   97         SH: 10    Dex:  9    Spells: 4/4 levels left

rFire    . . .     SeeInvis .   o - +3 war axe
rCold    . . .     Gourm    .   c - +0 shield
rNeg     . . .     Faith    .   b - +0 scale mail
rPois    +         Spirit   .   (helmet restricted)
rElec    .         Reflect  .   (no cloak)
rCorr    .         Harm     .   (no gloves)
MR       .....                  (no boots)
Stlth    ..........             (no amulet)
HPRegen  0.15/turn              (no ring)
MPRegen  0.09/turn              (no ring)

@: no status effects
A: retaliatory headbutt, horns 2, blink, poison resistance
a: Blink


You were on level 4 of the Dungeon.
You were not hungry.

You visited 1 branch of the dungeon, and saw 4 of its levels.

You collected 97 gold pieces.

Inventory:

Hand Weapons
 a - a +1 war axe
 o - a +3 war axe (weapon)
Armour
 b - a +0 scale mail (worn)
 c - a +0 shield (worn)
Wands
 g - a wand of clouds (6)
 q - a wand of paralysis (7)
Scrolls
 e - 2 scrolls of amnesia
 j - 2 scrolls of remove curse
Potions
 d - a potion of might
 l - a potion of haste
 m - a potion of heal wounds
Comestibles
 f - 4 rations
 h - 2 chunks of flesh


   Skills:
 + Level 4.4 Fighting
 + Level 4.6 Axes
 + Level 4.8 Armour
 + Level 1.6 Dodging
 + Level 0.2 Stealth
 + Level 5.1 Shields


You had 4 spell levels left.
You didn't know any spells.
Your spell library contained the following spells:

 Spells                   Type           Power        Failure   Level  Hunger
 Magic Dart               Conj           #...         99%         1    ##.....
 Blink                    Tloc           N/A          100%        2    ###....
 Call Imp                 Summ           #.......     100%        2    ###....
 Slow                     Hex            #.......     100%        2    ###....
 Conjure Flame            Conj/Fire      #.......     100%        3    ####...
 Mephitic Cloud           Conj/Pois/Air  #.......     100%        3    ####...


Dungeon Overview and Level Annotations

Branches:
Dungeon (4/15)
 Temple: D:4-7

Altars:
Okawaru


Innate Abilities, Weirdness & Mutations

You reflexively headbutt those who attack you in melee.
You have a pair of horns on your head.
You can translocate small distances at will.
Your system is resistant to poisons. (rPois)


Message History

You butcher the frilled lizard corpse.
h - 2 chunks of flesh (gained 1)
You see here a frilled lizard skeleton.
An ogre comes into view. It is wielding a +0 giant club.
Things that are here:
a ration; 17 gold pieces
f - 4 rations (gained 1)
You now have 97 gold pieces (gained 17).
The ogre hits you with a +0 giant club!
You slash the ogre!
The ogre is moderately wounded.
The ogre hits you with a +0 giant club.
You slash the ogre! You headbutt the ogre.
The ogre is severely wounded.
The ogre hits you with a +0 giant club!!
* * * LOW HITPOINT WARNING * * *
You hit the ogre.
The ogre is almost dead.
The ogre hits you with a +0 giant club!
You die...

# #.....### # #.......#
# .# ...# #.....#.#
###.# ..#
##..######.#.##....##.#
..# #..(>..# ... ..#
#....#####.###
.####..#รท......$.#
..........>.....#
.....###[..@O....#
..... #.........# .....
#.........# .....
#........... ...
#............
............#.
...............
......####.#.#.


You could see an ogre.

Vanquished Creatures
  A hound (D:4)
  Ijyb (D:3)
  An iguana (D:3)
  9 adders
  2 worms
  3 dart slugs
  A leopard gecko (D:2)
  6 orcs (D:3)
  11 bats
  4 giant cockroaches (D:2)
  5 goblins
  9 hobgoblins
  2 jackals (D:2)
  8 kobolds
  A quokka (D:2)
  4 ball pythons
  9 frilled lizards
  8 rats
85 creatures vanquished.

Notes
Turn   | Place    | Note
-------+----------+-------------------------------------------
     0 | D:1      | Marnok the Minotaur Fighter began the quest for the Orb.
     0 | D:1      | Reached XP level 1. HP: 19/19 MP: 0/0
   115 | D:1      | Reached XP level 2. HP: 17/27 MP: 1/1
   556 | D:1      | Reached skill level 4 in Shields
   676 | D:2      | Reached XP level 3. HP: 30/33 MP: 2/2
   959 | D:2      | Reached XP level 4. HP: 32/40 MP: 3/3
  1049 | D:2      | Reached skill level 1 in Dodging
  1102 | D:2      | Found a faded altar of an unknown god.
  1685 | D:2      | Found an iron altar of Okawaru.
  1734 | D:3      | Noticed Ijyb
  1739 | D:3      | Killed Ijyb
  1739 | D:3      | Reached XP level 5. HP: 47/47 MP: 4/4
  1901 | D:3      | Reached skill level 5 in Shields
  2122 | D:4      | Gained mutation: You can translocate small distances at
                  | will. [potion of mutation]
  2122 | D:4      | Gained mutation: Your system is resistant to poisons.
                  | (rPois) [potion of mutation]
  2192 | D:4      | Noticed an ogre
  2199 | D:4      | Slain by an ogre

Skill      XL: |  1  2  3  4  5 |
---------------+----------------+-----
Fighting       | 4 |  4.4
Shields        | 4 5 |  5.1
Axes           | 3 4 |  4.6
Armour         | 4 |  4.8
Dodging        | 1 |  1.6
Stealth        | |  0.2

Action                   |  1- 3 |  4- 6 || total
-------------------------+-------+-------++-------
Melee: War axe           |    89 |    91 ||   180
       Headbutt          |     8 |    13 ||    21
  Use: Scroll            |     4 |     3 ||     7
       Potion            |       |     7 ||     7
  Eat: Chunk             |       |     4 ||     4
Armor: Scale mail        |    66 |    32 ||    98
Dodge: Dodged            |    33 |    28 ||    61
Block: Shield            |    46 |    48 ||    94
